 Dungeon Crawl Stone Soup version 0.15.2 (webtiles) character file.

75 neekeri422 the Skirmisher (level 4, -6/37 HPs)
             Began as a Demonspawn Berserker on Dec 11, 2015.
             Was a Follower of Trog.
             Killed by divine providence
             ... invoked by an orc priest
              (14 damage)
             ... on Level 3 of the Dungeon.
             The game lasted 00:10:21 (1801 turns).

neekeri422 the Skirmisher (Demonspawn Berserker)    Turns: 1801, Time: 00:10:22

HP  -6/37        AC 12     Str 18      XL: 4   Next: 11%
MP   4/4         EV  5     Int  9      God: Trog [*.....]
Gold 68          SH  0     Dex 12      Spells:  0 memorised,  3 levels left

rFire  . . .     SeeInvis .     a - +0 mace
rCold  . . .     Clarity  .     d - +0 plate armour (curse)
rNeg   . . .     rCorr    .     (no shield)
rPois  .         rRot     .     (no helmet)
rElec  .         Spirit   .     (no cloak)
SustAb .         Warding  .     (no gloves)
rMut   .         Stasis   .     (no boots)
Gourm  .                        (no amulet)
MR     .....                    (no ring)
                                (no ring)

@: confused, slowed, very slow, not resistant to hostile enchantments, extremely
unstealthy
A: molten scales 1, powered by death 1
a: Burn Spellbooks, Berserk, Renounce Religion


You were on level 3 of the Dungeon.
You worshipped Trog.
Trog was aware of your devotion.
You were not hungry.

You visited 1 branch of the dungeon, and saw 3 of its levels.

You collected 68 gold pieces.

Inventory:

Hand weapons
 a - a +0 mace (weapon)
 c - a +0 mace
 k - a +0 dagger
 m - a +0 club
 n - a +0 short sword
 o - a +0 dagger
 q - a +0 short sword
 r - a +0 dagger
 s - a +0 club
 u - a +0 club
 x - a +0 spear
 y - a +2 dagger of venom
 z - a cursed +0 dagger
 A - a +0 short sword
 D - a +0 mace
 E - a +0 club
 F - a +0 dagger
 H - a +0 dagger
 I - a +0 hunting sling
 N - a +0 dagger
Missiles
 f - 27 stones (quivered)
 h - 19 sling bullets
 l - 35 arrows
 w - 13 poisoned needles
Armour
 b - a +0 animal skin
 d - a cursed +0 plate armour (worn)
 t - a +0 leather armour
 v - a +0 chain mail
 C - a +0 robe
 L - a +0 chain mail
 O - a +0 robe
Magical devices
 M - a wand of flame (5)
Comestibles
 g - 2 meat rations
Scrolls
 e - 2 scrolls of blinking {unknown}
 i - a scroll of identify {unknown}
 j - 2 scrolls of teleportation {unknown}
 B - a scroll of enchant weapon {unknown}
 J - a scroll of fog {unknown}
 K - a scroll of noise {unknown}
Potions
 p - a potion of agility {unknown}
 G - a potion of curing {unknown}


   Skills:
 + Level 3.7 Fighting
 + Level 3.3 Maces & Flails
 + Level 2.5 Armour
 + Level 2.1 Dodging


You had 3 spell levels left.
You didn't know any spells.

Dungeon Overview and Level Annotations

Branches:
Dungeon (3/15)

Altars:


Innate Abilities, Weirdness & Mutations

You are partially covered in molten scales (AC +1).
You can steal the life force of nearby defeated enemies.


Message History

You are confused.
You are more confused.
Ouch!
The orc priest calls down the wrath of Beogh upon you.
You are more confused.
The orc priest's eyes start to glow.
The magic dart hits you!
There is an open door here.
The orc wizard gestures at you while chanting.
You feel yourself slow down.
The orc priest calls down the wrath of Beogh upon you.
Pain shoots through your body!
* * * LOW HITPOINT WARNING * * *
The orc priest looks braver.
Ouch! Something hits you but does no damage.
The orc wizard casts a spell.
The orc wizard seems to speed up.
The orc priest mumbles some strange prayers to Beogh against you.
Something smites you!
You die...

. ### #.## . #.. ... . #.# #.. .
##+## #.# #.# .# . ##...## #.#
#.###.# .### ##.....##
#.###.....# ...##
##.......###.##..# ..# #
....####.....o...##.#...##..##.#
...o...'......o.@'.............#
#...####.........##.........####
##.## ##.......######.#<..## ###
##.....## ###.### ##...## #.#
##+## #.# #.# #.# #.#


You could see an orc priest and an orc wizard.

Vanquished Creatures
  Jessica (D:3)
  Terence (D:2)
  2 worms
  A giant gecko (D:1)
  An ooze (D:1)
  3 goblins (D:1)
  6 hobgoblins
  A ball python (D:2)
  2 bats
  3 giant cockroaches (D:1)
  3 giant newts
  7 kobolds
  4 rats
35 creatures vanquished.

Notes
Turn   | Place    | Note
--------------------------------------------------------------
     0 | D:1      | neekeri422, the Demonspawn Berserker, began the quest for the Orb.
     0 | D:1      | Reached XP level 1. HP: 18/18 MP: 1/1
   244 | D:1      | Gained mutation: You can steal the life force of nearby defeated enemies. [demonic ancestry]
   244 | D:1      | Reached XP level 2. HP: 21/24 MP: 2/2
   881 | D:2      | Reached XP level 3. HP: 24/29 MP: 3/3
  1061 | D:2      | Noticed Terence
  1336 | D:2      | Killed Terence
  1385 | D:3      | Noticed Jessica
  1400 | D:3      | Killed Jessica
  1400 | D:3      | Gained mutation: You are partially covered in molten scales (AC +1). [demonic ancestry]
  1400 | D:3      | Reached XP level 4. HP: 9/37 MP: 4/4
  1801 | D:3      | Killed from afar by an orc priest

Action                   |  1- 3 |  4- 6 || total
-------------------------+-------+-------++-------
Melee: Mace              |   129 |     9 ||   138
  Eat: Bread ration      |     1 |       ||     1
